 Dungeon Sprint DCSS version 0.16-a0-3873-g452e4d5 (webtiles) character file.

8845 BluebellGnoll the Evocator (level 11, -20/103 HPs)
             Began as a Deep Dwarf Gladiator on Feb 1, 2015.
             Was a Believer of Elyvilon.
             Shot with an arrow of flame by a deep elf master archer (24 damage)
             ... in the Dungeon (Sprint V: "Ziggurat Sprint").
             The game lasted 00:17:38 (571 turns).

BluebellGnoll the Evocator (Deep Dwarf Gladiator)    Turns: 571, Time: 00:17:38

Health: -20/103    AC: 28    Str: 21    XL:     11   Next: 15%
Magic:  25/30      EV:  5    Int: 12    God:    Elyvilon [**....]
Gold:   0          SH:  0    Dex: 20    Spells: 0 memorised, 10 levels left

rFire  + . .     SeeInvis +     K - +5 broad axe
rCold  + . .     Clarity  +     J - +5 gold dragon armour
rNeg   + . .     SustAb   +     (no shield)
rPois  +         Gourm    .     U - +2 helmet {Int+3}
rElec  .         Spirit   .     Y - +2 cloak {rPois}
rCorr  .         Warding  .     (no gloves)
rMut   .         NoTele   +     (no boots)
MR     +++++                    X - amulet of the Four Winds {Clar rN+ MR+++}
Stlth  ..........               O - ring "Cremim" {SustAb rPois+ MR+ SInv}
                                q - +6 ring of dexterity

@: non-regenerating, studying Charms, invisible, almost entirely resistant to
hostile enchantments, extremely unstealthy
A: damage resistance, recharge devices, sense surroundings 2, slow healing 3
a: Device Recharging, Lesser Healing, Divine Protection, Heal Other, Renounce
Religion


You were in the Dungeon.
You worshipped Elyvilon.
Elyvilon was pleased with you.
You were hungry.

You visited 1 branch

Inventory:

Hand weapons
 K - a +5 broad axe (weapon)
Missiles
 d - 4 throwing nets (quivered)
 Z - 6 poisoned tomahawks
Armour
 J - a +5 gold dragon armour (worn)
 U - a +2 helmet of intelligence (worn)
 Y - a +2 cloak of poison resistance (worn)
Magical staves
 w - an uncursed staff of energy
Jewellery
 b - the amulet of Starshine {Stasis rC+}
   (You found it in the Dungeon)

   [amulet of stasis]

   It prevents you from being teleported, slowed, hasted or paralysed.
   It protects you from cold.
 q - a +6 ring of dexterity (left hand)
 u - a +6 ring of strength
 O - the ring "Cremim" (right hand) {SustAb rPois+ MR+ SInv}
   (You found it in the Dungeon)

   [ring of sustain abilities]

   It sustains your strength, intelligence and dexterity.
   It protects you from poison.
   It affects your resistance to hostile enchantments.
   It enhances your eyesight.
 P - an uncursed ring of positive energy
 Q - the ring of Imi Mipp {+Inv rN+ MR- Int+4 Dex+3 Stlth-}
   (You found it in the Dungeon)

   [ring of intelligence]

   It affects your intelligence (+4).
   It affects your dexterity (+3).
   It protects you from negative energy.
   It affects your resistance to hostile enchantments.
   It lets you turn invisible.
   It makes you less stealthy.
 V - the ring of the Exiled Curses {+Fly rElec Str+3 Stlth+}
   (You found it in the Dungeon)

   [ring of stealth]

   It affects your strength (+3).
   It insulates you from electricity.
   It lets you fly.
   It makes you more stealthy.
 X - the amulet of the Four Winds (around neck) {Clar rN+ MR+++}
   (You found it in the Dungeon)

   [amulet of clarity]

   It provides mental clarity.
   It protects you from negative energy.
   It affects your resistance to hostile enchantments.
Magical devices
 e - a wand of heal wounds (3)
 m - a wand of disintegration (7)
 n - a wand of fire (4)
 o - a wand of cold (4)
Scrolls
 l - 4 scrolls of blinking
 t - 4 scrolls of amnesia
 v - 3 scrolls of recharging
 x - 7 scrolls of fog
 y - a scroll of holy word
 z - 5 scrolls of identify
 A - 5 scrolls of remove curse
 B - 2 scrolls of fear
Potions
 g - 10 potions of curing
 h - 9 potions of heal wounds
 i - 6 potions of haste
 j - 7 potions of magic
 k - 3 potions of berserk rage
 C - 2 potions of brilliance
 D - a potion of invisibility
 E - 2 potions of restore abilities
 F - 4 potions of resistance
 H - 5 potions of agility
 I - 5 potions of might
Books
 T - a manual of Charms
Miscellaneous
 c - a fan of gales
 p - a lamp of fire
 G - a stone of tremors
 M - a phial of floods
 N - a plain deck of war {drawn: 2}
 R - a box of beasts
 S - a plain deck of war {drawn: 1}
 W - a stone of tremors
Comestibles
 a - 8 chunks of flesh
 f - 5 bread rations
 r - 42 fruits
 s - 4 meat rations
 L - a mutagenic chunk of flesh


   Skills:
 - Level 8.2 Fighting
 - Level 11.3 Axes
 - Level 1.7 Throwing
 - Level 8.0 Armour
 - Level 3.2 Dodging
 - Level 19.4 Invocations
 + Level 21.1 Evocations


You had 10 spell levels left.
You didn't know any spells.

Dungeon Overview and Level Annotations

Branches:
Dungeon (1/1)

Altars:
Ashenzari
Cheibriados
Dithmenos
Elyvilon
Fedhas
Gozag
Kikubaaqudgha
Makhleb
Nemelex Xobeh
Okawaru
Qazlal
Ru
Sif Muna
Trog
Vehumet
Xom
Yredelemnul
Zin
The Shining One
Beogh
Jiyva
Lugonu


Innate Abilities, Weirdness & Mutations

You are resistant to damage.
You can recharge devices by infusing magical energy.
You passively map the area around you.
You do not heal naturally.


Message History

Something barely misses the cyclops.
The yaktaur unwields an uncursed arbalest.
The yaktaur hits the cyclops!
The cyclops dies!
The deep elf master archer shoots an arrow of flame.
The arrow of flame hits you but does no damage.
Drink which item? (? for menu, Esc to quit)
You fade into invisibility!
The yaktaur wields an arbalest.
The yaktaur shoots a bolt.
The bolt hits you!
* * * LOW HITPOINT WARNING * * *
The merfolk javelineer throws a javelin.
The javelin hits you but does no damage.
The merfolk javelineer throws a silver javelin.
The silver javelin hits you.
* * * LOW HITPOINT WARNING * * *
The merfolk javelineer throws a javelin.
The javelin barely misses you.
The deep elf master archer shoots an arrow of flame.
The arrow of flame hits you!!
You die...

, , ,,,.cc ▓..)"[)[..▓)
, ,, , ,
.cmmm(.e.▓..|}|}}..▓. ,
,,▓......c..▓.........▓.
, .........▓.........▓.
* ▓,.......,▓.........▓.
8 8 ▓.,.....
.▓.........▓. ,
▓..▓...▓..▓.........▓.
,,
▓.▓.....▓.▓.▓.....▓.▓. ,
, ▓....@....▓.........▓▓
88▓▓▓▓▓▓▓▓▓▓▓▓▓▓▓▓▓▓▓▓▓
* ** * , ,,, 8 , , ,, ,
, , ,,, ,, ,, , , , , ,
, , , , ,,, , ,, , ,, ,
,, , , , , ,


You could see 3 merfolk javelineers, a deep elf master archer and 4 yaktaurs.

Vanquished Creatures
  A tentacled starspawn (D)
  A ghost moth (D)
  An ice devil (D)
  A spriggan druid (D)
  2 water elementals (D)
  2 merfolk (D)
  2 jumping spiders (D)
  A slime creature (D)
  4 air elementals (D)
  A hippogriff (D)
  A tarantella (D)
  2 wolves (D)
  An ice beast (D)
  A black bear (D)
  A centaur (D)
  2 small abominations (D)
  A crimson imp (D)
  6 orc priests (D)
  A jelly (D)
  3 orc wizards (D)
  A giant mite (D)
  A shadow imp (D)
  An ufetubus (D)
  3 adder zombies (D)
  2 oozes (D)
  An orc (D)
44 creatures vanquished.

Vanquished Creatures (collateral kills)
  An ice devil (D)
  A spriggan druid (D)
  A water elemental (D)
  A merfolk (D)
  A spriggan (D)
  2 hippogriffs (D)
  2 insubstantial wisps (D)
  A small abomination (D)
  A phantom (D)
  An ice beast (D)
  2 black bears (D)
  A crimson imp (D)
  2 quasits (D)
  A sheep (D)
  2 shadow imps (D)
  A bat zombie (D)
21 creatures vanquished.

Vanquished Creatures (others)
  2 cyclopes (D)
  An ice beast (D)
  A white imp (D)
  2 starspawn tentacles (D)
  10 starspawn tentacle segments (D)
16 creatures vanquished.

Grand Total: 81 creatures vanquished

Notes
Turn   | Place    | Note
--------------------------------------------------------------
     0 | D        | BluebellGnoll, the Deep Dwarf Gladiator, began the quest for the Orb.
     0 | D        | Reached XP level 1. HP: 19/19 MP: 1/1
     0 | D        | Found a viscous altar of Jiyva.
     0 | D        | Found a corrupted altar of Lugonu.
     0 | D        | Found a white marble altar of Elyvilon.
     2 | D        | Found a sparkling altar of Nemelex Xobeh.
     2 | D        | Found a burning altar of Makhleb.
     2 | D        | Found a deep blue altar of Sif Muna.
     3 | D        | Found a bloodstained altar of Trog.
     6 | D        | Found an iron altar of Okawaru.
    14 | D        | Became a worshipper of Elyvilon the Healer
    20 | D        | Found a radiant altar of Vehumet.
    28 | D        | Found a basalt altar of Yredelemnul.
    29 | D        | Found a shimmering altar of Xom.
    69 | D        | Reached skill level 8 in Armour
    69 | D        | Reached XP level 2. HP: 26/26 MP: 2/2
    70 | D        | Entered arena 1.
    70 | D        | Noticed an orc wizard
    70 | D        | Noticed an orc priest
    73 | D        | Killed an orc wizard
    73 | D        | Reached XP level 3. HP: 32/32 MP: 3/6
    74 | D        | Killed an orc priest
   118 | D        | Entered arena 2.
   118 | D        | Noticed an orc priest
   118 | D        | Noticed an orc priest
   121 | D        | Reached skill level 1 in Evocations
   126 | D        | Killed an orc priest
   126 | D        | Reached skill level 5 in Evocations
   126 | D        | Reached XP level 4. HP: 9/39 MP: 10/10
   126 | D        | Killed an orc priest
   134 | D        | Identified the Disquisition on Boosting Execration (You found it in the Dungeon)
   136 | D        | Entered arena 3.
   136 | D        | Noticed a slime creature
   136 | D        | Noticed a jelly
   137 | D        | Killed a jelly
   137 | D        | Reached XP level 5. HP: 36/46 MP: 12/12
   145 | D        | Killed a slime creature
   145 | D        | Reached skill level 5 in Fighting
   145 | D        | Reached XP level 6. HP: 36/61 MP: 14/14
   148 | D        | Got the amulet of Starshine {Stasis rC+}
   160 | D        | Acquired Elyvilon's first power
   160 | D        | Entered arena 4.
   160 | D        | Noticed a tarantella
   160 | D        | Noticed a jumping spider
   160 | D        | Noticed a jumping spider
   168 | D        | Killed a jumping spider
   168 | D        | Reached skill level 11 in Invocations
   168 | D        | Reached XP level 7. HP: 53/67 MP: 15/20
   171 | D        | Killed a tarantella
   171 | D        | Reached skill level 13 in Invocations
   191 | D        | Killed a jumping spider
   191 | D        | Reached skill level 14 in Invocations
   208 | D        | Entered arena 5.
   208 | D        | Noticed an orc priest
   208 | D        | Noticed an orc wizard
   208 | D        | Noticed an orc priest
   208 | D        | Noticed an orc priest
   208 | D        | Noticed an orc wizard
   212 | D        | Killed an orc priest
   212 | D        | Killed an orc priest
   213 | D        | Killed an orc priest
   220 | D        | Killed an orc wizard
   220 | D        | Reached XP level 8. HP: 45/75 MP: 23/23
   220 | D        | Killed an orc wizard
   234 | D        | Entered arena 6.
   234 | D        | Noticed an air elemental
   234 | D        | Noticed an air elemental
   234 | D        | Noticed an insubstantial wisp
   234 | D        | Noticed an air elemental
   234 | D        | Noticed an insubstantial wisp
   234 | D        | Noticed an air elemental
   237 | D        | Killed an air elemental
   237 | D        | Killed an air elemental
   239 | D        | Killed an air elemental
   241 | D        | Killed an air elemental
   241 | D        | Killed an insubstantial wisp
   241 | D        | Reached skill level 15 in Evocations
   242 | D        | Killed an insubstantial wisp
   249 | D        | Got the ring "Cremim" {SustAb rPois+ MR+ SInv}
   254 | D        | Got the ring of Imi Mipp {+Inv rN+ MR- Int+4 Dex+3 Stlth-}
   257 | D        | Entered arena 7.
   257 | D        | Noticed a small abomination
   257 | D        | Noticed a crimson imp
   257 | D        | Noticed a quasit
   257 | D        | Noticed an ice beast
   257 | D        | Noticed a crimson imp
   259 | D        | Killed a small abomination
   260 | D        | Killed a crimson imp
   260 | D        | Reached skill level 15 in Invocations
   260 | D        | Gained mutation: You passively map the area around you. [level up]
   260 | D        | Reached XP level 9. HP: 56/81 MP: 22/25
   262 | D        | Killed a crimson imp
   263 | D        | Killed a quasit
   264 | D        | Killed an ice beast
   290 | D        | Got the ring of the Exiled Curses {+Fly rElec Str+3 Stlth+}
   307 | D        | Entered arena 8.
   307 | D        | Noticed a small abomination
   307 | D        | Noticed a small abomination
   307 | D        | Noticed a tentacled starspawn
   307 | D        | Noticed a quasit
   310 | D        | Killed a small abomination
   312 | D        | Killed a tentacled starspawn
   312 | D        | Reached skill level 19 in Invocations
   315 | D        | Killed a quasit
   316 | D        | Killed a small abomination
   331 | D        | Entered arena 9.
   331 | D        | Noticed a merfolk
   331 | D        | Noticed a merfolk
   331 | D        | Noticed a merfolk
   331 | D        | Noticed a hippogriff
   331 | D        | Noticed a centaur
   331 | D        | Noticed a hippogriff
   331 | D        | Noticed a hippogriff
   335 | D        | Killed a centaur
   335 | D        | Killed a hippogriff
   335 | D        | Killed a merfolk
   335 | D        | Reached XP level 10. HP: 81/88 MP: 28/28
   336 | D        | Killed a merfolk
   336 | D        | Killed a merfolk
   337 | D        | Killed a hippogriff
   338 | D        | Killed a hippogriff
   374 | D        | Acquired Elyvilon's second power
   374 | D        | Entered arena 10.
   374 | D        | Noticed a spriggan
   374 | D        | Noticed a wolf
   374 | D        | Noticed a black bear
   374 | D        | Noticed a black bear
   374 | D        | Noticed a wolf
   374 | D        | Noticed a spriggan druid
   374 | D        | Noticed a black bear
   374 | D        | Noticed a spriggan druid
   374 | D        | Noticed a wolf
   375 | D        | Pacified a wolf
   376 | D        | Pacified a spriggan
   378 | D        | Killed a wolf
   379 | D        | Killed a spriggan druid
   382 | D        | Killed a black bear
   383 | D        | Killed a black bear
   383 | D        | Killed a black bear
   384 | D        | Killed a wolf
   384 | D        | Reached skill level 20 in Evocations
   384 | D        | Killed a spriggan druid
   389 | D        | Killed a spriggan
   413 | D        | Identified the Disquisition on the Escort (You found it in the Dungeon)
   422 | D        | Entered arena 11.
   422 | D        | Noticed an ice beast
   422 | D        | Noticed an ice devil
   422 | D        | Noticed a freezing wraith
   422 | D        | Noticed an ice devil
   423 | D        | Noticed a phantom
   423 | D        | Pacified a freezing wraith
   425 | D        | Noticed a ghost moth
   426 | D        | Killed an ice beast
   427 | D        | Killed a ghost moth
   427 | D        | Reached skill level 10 in Axes
   427 | D        | Killed an ice devil
   427 | D        | Reached XP level 11. HP: 59/102 MP: 0/30
   430 | D        | Killed a phantom
   432 | D        | Killed an ice devil
   567 | D        | Entered arena 12.
   567 | D        | Noticed a merfolk javelineer
   567 | D        | Noticed a yaktaur
   567 | D        | Noticed a yaktaur
   567 | D        | Noticed a merfolk javelineer
   567 | D        | Noticed a merfolk javelineer
   567 | D        | Noticed a cyclops
   567 | D        | Noticed a cyclops
   567 | D        | Noticed a yaktaur
   568 | D        | Noticed a deep elf master archer
   568 | D        | Pacified a cyclops
   568 | D        | Identified the +0 hand axe "Myoproy" {chop, Dex+5}
   569 | D        | Pacified a cyclops
   569 | D        | Reached skill level 21 in Evocations
   569 | D        | Killed a cyclops
   570 | D        | Noticed a yaktaur
   570 | D        | Killed a cyclops
   571 | D        | HP: 4/103 [merfolk javelineer/silver javelin (2)]
   571 | D        | Shot with an arrow of flame by a deep elf master archer

Action                   |  1- 3 |  4- 6 |  7- 9 | 10-12 || total
-------------------------+-------+-------+-------+-------++-------
Melee: Broad axe         |     9 |     7 |    30 |    10 ||    56
Invok: Lesser Healing    |       |       |     7 |     3 ||    10
       Heal Other        |       |       |       |     6 ||     6
 Abil: Device Recharging |       |       |     1 |       ||     1
Evoke: Wand              |       |     5 |     4 |     3 ||    12
       Lamp of fire      |       |     1 |     4 |     1 ||     6
       Deck              |       |       |     3 |       ||     3
       Phial of floods   |       |       |     2 |     1 ||     3
  Use: Potion            |     1 |       |       |     2 ||     3
  Eat: Chunk             |       |       |       |     2 ||     2
